 Dungeon Crawl Stone Soup version 0.30-a0-948-g4fa250aae5 (webtiles) character file.

Game seed: 11830050917349690055

917 FallingFreak the Trooper (level 8, -5/67 HPs)
             Began as a Ghoul Warper on Mar 26, 2023.
             Was an Initiate of Fedhas.
             Splashed by a jelly's acid (9 damage)
             ... on level 4 of the Dungeon.
             The game lasted 00:37:25 (8851 turns).

FallingFreak the Trooper (Ghoul Warper)             Turns: 8851, Time: 00:37:26

Health: -5/67      AC: -2    Str: 15    XL:     8   Next: 9%
Magic:  10/12      EV:  9    Int: 10    God:    Fedhas [......]
Gold:   283        SH:  0    Dex: 14    Spells: 7/14 levels left

rFire   . . .      SeeInvis .    a - +0 spear
rCold   + . .      Faith    .    (no shield)
rNeg    + + +      Spirit   .    u - +0 scale mail
rPois   ∞          Reflect  .    e - +1 helmet
rElec   .          Rampage  .    (no cloak)
rCorr   .                        (no gloves)
Will    .....                    (no boots) Stlth
                                 (no amulet)
HPRegen 0.00/turn                j - +6 ring of dexterity
MPRegen 0.13/turn                (no ring)

@: corroded, on blink cooldown, inhibited regen
A: claws 1, cold resistance 1, negative energy resistance 3, inhibited
regeneration, torment resistance 2, devour on kill
a: Renounce Religion


You were on level 4 of the Dungeon.
You worshipped Fedhas.
Fedhas was noncommittal.
You visited 2 branches of the dungeon, and saw 7 of its levels.

You collected 283 gold pieces.

Inventory:

Hand Weapons
 a - a +0 spear (weapon)
 b - a +2 heavy hand axe
Missiles
 d - 3 boomerangs of dispersal (quivered) {!f}
Armour
 e - a +1 helmet (worn)
 k - a +0 leather armour
 l - a +0 ring mail
 u - a +0 scale mail (worn)
Jewellery
 i - a ring of flight
 j - a +6 ring of dexterity (left claw)
 q - a ring of ice
Scrolls
 c - a scroll of enchant weapon
 f - a scroll of blinking
 g - 3 scrolls of teleportation
 p - a scroll of magic mapping {unknown}
 r - a scroll of identify
 t - a scroll of silence {unknown}
 v - a scroll of enchant armour
 w - a scroll of torment {unknown}
 y - a scroll of fog
 F - 2 scrolls of fear
 Y - 2 scrolls of brand weapon
Potions
 m - a potion of magic {unknown}
 n - a potion of haste {unknown}
 o - 3 potions of brilliance {unknown}
 s - a potion of berserk rage {unknown}
 x - 3 potions of curing {unknown}
 z - a potion of might {unknown}


   Skills:
 + Level 4.8 Fighting
 + Level 4.0 Polearms
 - Level 0.8 Throwing
 + Level 3.5 Armour
 - Level 1.7 Dodging
 + Level 3.6 Spellcasting
 + Level 4.5 Translocations


You had 7 spell levels left.
You knew the following spells:

 Your Spells              Type           Power      Damage    Failure   Level
c - Blink                 Tloc           20%        N/A       22%         2
A - Teleport Other        Tloc           10%        N/A       41%         3
Z - Lesser Beckoning      Tloc           20%        N/A       22%         2

Your spell library contained the following spells:

 Spells                   Type           Power      Damage    Failure   Level
 Apportation              Tloc           20%        N/A       16%         1
 Magic Dart               Conj           4%         1d3       67%         1
 Necrotise                Necr           4%         1d4       67%         1
 Summon Small Mammal      Summ           4%         N/A       67%         1
 Vhi's Electric Charge    Tloc/Air       12%        N/A       75%         3
 Call Imp                 Summ           1%         N/A       82%         2
 Manifold Assault         Tloc           10%        N/A       83%         4
 Mephitic Cloud           Conj/Pois/Air  1%         N/A       96%         3


Dungeon Overview and Level Annotations

Branches:
Dungeon (6/15) Zot: 25725  Temple (1/1) D:4 Zot: 5879

Altars:
Fedhas
Gozag
Kikubaaqudgha
Makhleb
Nemelex Xobeh
Okawaru
Ru
Trog
Vehumet

Annotations:
D:3 exclusion: downstairs, Menkaure
D:5 1 exclusion


Innate Abilities, Weirdness & Mutations

You are immune to poison.
You have sharp fingernails.
Your flesh is cold resistant. (rC+)
You are immune to negative energy. (rN+++)
You do not regenerate when monsters are visible.
You are immune to unholy pain and torment.
You thrive by killing the living.


Message History

Press: ? - help, Dir - move target, f/p - jelly
Aim: a jelly (heavily wounded, about 9% to evade your +0 spear)
You completely miss the jelly.
The jelly is heavily wounded.
The jelly hits you.
* * * LOW HITPOINT WARNING * * *
You are splashed with acid!
* * * LOW HITPOINT WARNING * * *
Unknown command.
Casting: Blink (safe; 22% risk of failure)
Confirm with . or Enter, or press ? or * to list all spells.
You blink.
Really fire
d - 5 boomerangs of dispersal {!f}? [Y]es or [N]o only, please.
Really fire
d - 5 boomerangs of dispersal {!f}?
Unknown command.
Unknown command.
Unknown command.
Throw: 5 boomerangs (disperse) {!f}
Press: ? - help, Q - select action, (/) - cycle Shift-Dir - straight line, f/p - jelly
Aim: a jelly (heavily wounded, 90% to hit)
You throw a boomerang of dispersal {!f}.
The boomerang of dispersal {!f} hits the jelly and shatters for extra damage.
The jelly blinks!
The jelly is heavily wounded.
Throw: 4 boomerangs (disperse) {!f}
Press: ? - help, Q - select action, (/) - cycle Shift-Dir - straight line, f/p - jelly
Aim: a jelly (heavily wounded, 90% to hit)
You throw a boomerang of dispersal {!f}.
The boomerang of dispersal {!f} hits the jelly and shatters, but does no damage.
The jelly is heavily wounded.
The jelly hits you.
* * * LOW HITPOINT WARNING * * *
The acid corrodes you!
You are splashed with acid!
* * * LOW HITPOINT WARNING * * *
The jelly hits you.
* * * LOW HITPOINT WARNING * * *
You are splashed with acid!
You die...
Fedhas appreciates your contribution to the ecosystem.

#......J.....'....# ###
#####§§@.#...####.#####..
#########....#...# #....##..
#............#...#######.##..
##.######..#.#...........##..
#.# #.(..#.#....##########.
#.# #.#.##.#....# #...# ##
#.# #...........# #.#.####
#.# ###..#.#########.......
#.# ##.#.............##). #.#
#.################.# #.#
#.#.......#...#....# #.#
#.#######.#.#.#.#### #.#
#.#...........#.# #.#
#.#.#####.#...#.# #.#
#.#.......#...#.# #.#
#.#########...#.#


You could see a jelly.

Vanquished Creatures
  A water moccasin (D:4)
  2 phantoms (D:4)
  2 scorpions
  A howler monkey (D:5)
  3 jellies (D:4)
  A hound (D:4)
  4 orc wizards
  16 adders
  2 white imps (D:5)
  3 worms
  3 dart slugs
  9 orcs
  8 ball pythons
  4 bats
  17 endoplasms
  4 giant cockroaches
  3 goblins
  4 hobgoblins
  8 jackals
  9 quokkas
  4 frilled lizards
  12 kobolds
  5 rats
125 creatures vanquished.

Vanquished Creatures (others)
  8 fungi (D:4)
  7 toadstools (D:4)
  2 withered plants (D:3)
17 creatures vanquished.

Grand Total: 142 creatures vanquished

Notes
Turn   | Place    | Note
-------+----------+-------------------------------------------
     0 | D:1      | FallingFreak the Ghoul Warper began the quest for the Orb.
     0 | D:1      | Reached XP level 1. HP: 17/17 MP: 2/2
   233 | D:1      | Reached skill level 1 in Armour
   551 | D:1      | Found a faded altar of an unknown god.
   577 | D:1      | Reached XP level 2. HP: 23/25 MP: 3/3
  1501 | D:2      | Increase (s)trength, (i)ntelligence, or (d)exterity?
  1501 | D:2      | Reached XP level 3. HP: 30/30 MP: 5/5
  1746 | D:2      | Reached XP level 4. HP: 37/37 MP: 6/6
  2434 | D:3      | Found an ancient bone altar of Kikubaaqudgha.
  2536 | D:4      | Reached XP level 5. HP: 39/45 MP: 7/7
  2827 | D:3      | Found an iron altar of Okawaru.
  3564 | D:4      | Reached XP level 6. HP: 50/51 MP: 9/9
  4044 | D:4      | Noticed Menkaure
  4316 | D:4      | Found an opulent altar of Gozag.
  5371 | D:4      | Learned a level 2 spell: Blink
  5374 | D:4      | Learned a level 2 spell: Lesser Beckoning
  5378 | D:4      | Learned a level 3 spell: Teleport Other
  5826 | D:5      | Entered Level 5 of the Dungeon
  5861 | D:4      | Reached XP level 7. HP: 34/59 MP: 10/10
  6281 | D:5      | Found a radiant altar of Vehumet.
  6977 | D:4      | Found a staircase to the Ecumenical Temple.
  6983 | Temple   | Entered the Ecumenical Temple
  7053 | Temple   | Became a worshipper of Fedhas Madash
  7448 | D:5      | Noticed a yak
  8406 | D:4      | Reached XP level 8. HP: 58/67 MP: 12/12
  8509 | D:4      | You miscast Blink.
  8851 | D:4      | Splashed by a jelly's acid

Illustrated notes

Levels and vault maps discovered:
D:1:      dpeg_arrival_three_same_balls, layout_basic,
          hellmonk_ecumenical_altar_leap_of_faith,
          minmay_misc_feat_secret_circle, minmay_bisected
D:2:      minmay_razor_zed, layout_loops_ring
D:3:      layout_loops_ring, okawaru_ov_weapons_minmay,
          kiku_gazebo_garden_becter
D:4:      cheibrodos_fertilizer, layout_basic,
          nicolae_gozag_cash_rules_everything_around_me, temple_statues,
          serial_glass, glass_columns_c, glass_columns_a, grunt_tough_drop,
          uniq_menkaure
D:5:      layout_cave_pools, mainiacjoe_overflow_24_doors,
          minmay_divided_ellipse
D:6:      layout_basic, chei_slow_surprise, serial_shops, nicolae_stop_n_shop_1,
          kennysheep_generic_room_11, uniq_eustachio, uniq_blork_the_orc
Temple:   hellmonk_temple_beads

Skill      XL: |  1  2  3  4  5  6  7  8 |
---------------+-------------------------+-----
Armour         | 1 2 3 |  3.5
Polearms       | 2 3 4 |  4.0
Spellcasting   | 2 3 |  3.6
Translocations | 3 4 |  4.5
Fighting       | 3 4 |  4.8
Throwing       | |  0.8
Dodging        | |  1.7

Action                     |  1- 3 |  4- 6 |  7- 9 || total
---------------------------+-------+-------+-------++-------
  Melee: Spear             |   136 |   428 |   255 ||   819
         Punch             |       |     6 |       ||     6
         Hand axe          |       |     3 |     4 ||     7
  Throw: Dart              |     3 |    21 |    16 ||    40
         Boomerang         |       |     2 |     2 ||     4
   Cast: Blink             |       |       |     2 ||     2
         Teleport Other    |       |       |     1 ||     1
    Use: Scroll            |       |     1 |    10 ||    11
   Stab: Distracted        |       |     1 |       ||     1
 Armour: Leather armour    |     7 |       |       ||     7
         Ring mail         |    26 |   143 |     5 ||   174
         Scale mail        |       |    10 |   104 ||   114
  Dodge: Dodged            |    60 |   210 |   132 ||   402

Table legend: (Time is in decaauts)
 A = Elapsed time spent in this place.
 B = Non-inter-level travel time spent in this place.
 C = Inter-level travel time spent in this place.
 D = Time resting spent in this place.
 E = Time spent auto-exploring this place.
 F = Levels seen in this place.
 G = Mean time per level.
                   A        B        C        D        E       F      G
               +--------+--------+--------+--------+--------+-----+--------+
         Total |   8828 |   8316 |    512 |   3242 |   2897 |   7 | 1261.1 |
       Dungeon |   8707 |   8205 |    502 |   3242 |   2814 |   6 | 1451.2 |
        Temple |    120 |    110 |     10 |      0 |     83 |   1 |  120.0 |
               +--------+--------+--------+--------+--------+-----+--------+

Top non-repeatable levels by time:
     D:4: 4227 daAuts
     D:3: 1506 daAuts
     D:2: 1163 daAuts
     D:1: 1053 daAuts
     D:5: 753 daAuts
  Temple: 120 daAuts
     D:6: 3 daAuts
